 Dungeon Crawl Stone Soup version 0.31-a0-229-g1fc7ce93e2 (webtiles) character file.

Game seed: 14316167305630694737

509 qw the Shooter (level 6, -1/53 HPs)
             Began as a Minotaur Hexslinger on July 6, 2023.
             Was an Initiate of Okawaru.
             Slain by a water moccasin (6 damage)
             ... on level 5 of the Dungeon.
             The game lasted 00:01:41 (4363 turns).

qw the Shooter (Minotaur Hexslinger)                Turns: 4363, Time: 00:01:41

Health: -1/53      AC:  7    Str: 13      XL:     6   Next: 98%
Magic:  6/6        EV: 12    Int:  9 (10) God:    Okawaru [......]
Gold:   291        SH:  0    Dex: 13 (14) Spells: 6/7 levels left

rFire   + . .        Y - +1 sling
rCold   . . .        (no shield)
rNeg    . . .        b - +2 leather armour {rF+}
rPois   .            a - +2 hat
rElec   .            (no cloak)
rCorr   .            (no gloves)
SInv    .            (no boots)
Will    .....        (no amulet)
Stlth   +            (no ring)
HPRegen 0.28/turn    (no ring)
MPRegen 0.10/turn

%: no passive effects
@: about to teleport
A: horns 2, retaliatory headbutt
a: Renounce Religion


You were on level 5 of the Dungeon.
You worshipped Okawaru.
Okawaru was noncommittal.
You visited 1 branch of the dungeon, and saw 5 of its levels.
You also visited: Sewer.

You collected 291 gold pieces.


Innate Abilities, Weirdness & Mutations

You have a pair of horns on your head.
You reflexively headbutt those who attack you in melee.


   Skills:
 - Level 4.6 Fighting
 + Level 7.0 Ranged Weapons
 - Level 1.0 Armour
 - Level 2.1 Dodging
 - Level 1.0 Spellcasting
 - Level 2.0 Hexes
 - Level 0.4 Invocations


You had 6 spell levels left.
You knew the following spells:

 Your Spells              Type           Power      Damage    Failure   Level
a - Slow                  Hex            16%        N/A       21%         1

Your spell library contained the following spells:

 Spells                   Type           Power      Damage    Failure   Level
 Inner Flame              Hex/Fire       2%         N/A       67%         3
 Portal Projectile        Hex/Tloc       4%         N/A       67%         3
 Cause Fear               Hex            2%         N/A       90%         4

Inventory:

Hand Weapons
 Y - a +1 sling (weapon)
Armour
 a - a +2 hat (worn)
 b - a +2 leather armour of fire resistance (worn)
Scrolls
 f - 3 scrolls of teleportation
 g - a scroll of identify
Potions
 c - 4 potions of enlightenment
 d - a potion of magic
 e - a potion of curing

Dungeon Overview and Level Annotations

Branches:
Dungeon (5/15)             Temple (0/1) D:4           Sewer (visited)

Altars:
Okawaru
Wu Jian


Message History

Okawaru accepts your kill.
Your Ranged Weapons skill increases to level 7!
You shoot a sling bullet.
The sling bullet closely misses the ogre.
You shoot a sling bullet.
The sling bullet barely misses the ogre.
You shoot a sling bullet.
The sling bullet completely misses the ogre.
You shoot a sling bullet.
The sling bullet completely misses the ogre.
The ogre hits you with a +0 giant spiked club!!
Ouch! That really hurt!
You shoot a sling bullet. The sling bullet hits the ogre.
The ogre is lightly wounded.
You shoot a sling bullet.
The sling bullet barely misses the ogre.
The ogre hits you with a +0 giant spiked club!!
4359 ||| READING 5 scrolls of teleportation.
As you read the scroll of teleportation, it crumbles to dust.
You feel strangely unstable. The ogre closely misses you.
You shoot a sling bullet. The sling bullet hits the ogre.
The ogre is lightly wounded.
You shoot a sling bullet.
The sling bullet barely misses the ogre.
Your surroundings suddenly seem different.
An adder and a water moccasin come into view.
Found a robe, 13 gold pieces and a chain mail.
Found a stone staircase leading down.
The adder hisses angrily.
Enter note:
Enter note:
4362 ||| READING 4 scrolls of teleportation.
As you read the scroll of teleportation, it crumbles to dust.
You feel strangely unstable.
You shoot a sling bullet.
The sling bullet hits the water moccasin.
The water moccasin is lightly wounded.
The water moccasin bites you.
You die...

#+##### .......
.......
.......###
.....$...#
####.....######
......>@.......
.......S[######
........##
........#
.......S.
.........
.....[...
.........#


You could see a water moccasin and an adder.

Vanquished Creatures
  A black bear (D:4)
  A phantom (D:4)
  Jessica (D:3)
  An iguana (D:4)
  A sickly merfolk siren (Sewer)
  A malarious merfolk avatar (Sewer)
  4 gnolls (D:2)
  7 adders
  2 white imps
  A worm (D:3)
  6 dart slugs
  11 ball pythons
  7 bats
  7 endoplasms
  9 giant cockroaches
  13 goblins
  6 hobgoblins
  10 jackals
  3 kobolds (D:1)
  4 quokkas
  11 frilled lizards
  29 rats
136 creatures vanquished.

Notes
Turn   | Place    | Note
-------+----------+-------------------------------------------
     0 | D:1      | qw the Minotaur Hexslinger began the quest for the Orb.
     0 | D:1      | Reached XP level 1. HP: 16/16 MP: 1/1
     0 | D:1      | 0 ||| qw: Version: 0.3-a-46-gb1f654a
     0 | D:1      | 0 ||| qw: Game counter: 1115
     0 | D:1      | 0 ||| qw: Melee chars always use a shield: true
     0 | D:1      | 0 ||| qw: God list: Okawaru
     0 | D:1      | 0 ||| qw: Allow faded altars: false
     0 | D:1      | 0 ||| qw: Do Orc after clearing Dungeon:15 true
     0 | D:1      | 0 ||| qw: Do second Lair branch before Depths: true
     0 | D:1      | 0 ||| qw: Lair rune preference: random
     0 | D:1      | 0 ||| qw: Goals: Normal
     0 | D:1      | 0 ||| PLANNING D:1-11
    24 | D:1      | 24 ||| Stepping ~*~*~tactically~*~*~ (outnumbered).
    35 | D:1      | HP: 3/16 [jackal (2)]
    38 | D:1      | Reached skill level 3 in Ranged Weapons
    38 | D:1      | Reached XP level 2. HP: 5/23 MP: 2/2
   375 | D:1      | Reached XP level 3. HP: 29/29 MP: 3/3
   750 | D:1      | 750 ||| READING scroll labelled GUALUI YBIPTUT.
   750 | D:1      | Identified a scroll of acquirement
   750 | D:1      | 750 ||| ACQUIRING +2 hat
   750 | D:1      | Acquired a +2 hat
   752 | D:1      | 752 ||| UPGRADING to +2 hat.
   757 | D:1      | 757 ||| DRINKING 2 metallic purple potions.
   758 | D:1      | 758 ||| DROPPING scroll of poison.
   777 | D:2      | Reached skill level 4 in Ranged Weapons
  1006 | D:2      | Reached XP level 4. HP: 24/36 MP: 4/4
  1017 | D:2      | HP: 9/36 [gnoll/+0 spear (4)]
  1019 | D:2      | HP: 2/36 [gnoll/+0 spear (3)]
  1021 | D:2      | Reached skill level 5 in Ranged Weapons
  1205 | D:2      | Found an iron altar of Okawaru.
  1206 | D:2      | 1206 ||| PLANNING OKAWARU WORSHIP
  1206 | D:2      | 1206 ||| READING scroll labelled JEHYEW WATHRUNO.
  1210 | D:2      | 1210 ||| READING scroll labelled QUFUHA ZYOJIF.
  1211 | D:2      | 1211 ||| READING scroll labelled EQAN NULEZOU.
  1248 | D:2      | Became a worshipper of Warmaster Okawaru
  1249 | D:2      | 1249 ||| PLANNING D:1-11
  1612 | D:2      | 1612 ||| UPGRADING to +0 leather armour.
  1622 | D:2      | 1622 ||| DROPPING +0 robe.
  1623 | D:2      | 1623 ||| UPGRADING to +0 ring mail.
  1633 | D:2      | 1633 ||| DROPPING +0 leather armour.
  1703 | D:3      | Reached XP level 5. HP: 44/44 MP: 5/5
  1705 | D:3      | Found an ornate altar of the Wu Jian Council.
  1727 | D:3      | Reached skill level 1 in Armour
  1739 | D:3      | Reached skill level 3 in Fighting
  1765 | D:3      | Noticed Jessica
  1768 | D:3      | Killed Jessica
  2643 | D:3      | 2643 ||| UPGRADING to +2 leather armour of fire resistance.
  2653 | D:3      | 2653 ||| DROPPING +0 ring mail.
  2654 | D:3      | 2654 ||| READING scroll labelled SEESO UTHU.
  2655 | D:3      | 2655 ||| READING scroll labelled QIMEBR XOGOLANN.
  2656 | D:3      | 2656 ||| DRINKING 2 green potions.
  2657 | D:3      | 2657 ||| DROPPING potion of degeneration.
  2688 | D:4      | 2688 ||| PLANNING SEWER
  2750 | D:4      | Noticed a phantom
  2762 | D:4      | Killed a phantom
  2763 | D:4      | Reached skill level 6 in Ranged Weapons
  2763 | D:4      | Reached XP level 6. HP: 48/51 MP: 6/6
  2800 | D:4      | Found a staircase to the Ecumenical Temple.
  3081 | D:4      | Reached * piety under Okawaru
  3160 | D:4      | Found a glowing drain.
  3162 | D:4      | 3162 ||| READING scroll labelled OJIKKI DOITIAL.
  3163 | D:4      | 3163 ||| READING scroll labelled DOENUO PEIST.
  3264 | D:4      | 3264 ||| READING 2 scrolls of identify.
  3264 | D:4      | 3264 ||| IDENTIFYING murky silvery potion
  3274 | Sewer    | Entered a sewer
  3363 | Sewer    | 3363 ||| INVOKING Heroism.
  3736 | Sewer    | 3736 ||| DROPPING +6 ring of intelligence.
  3737 | Sewer    | 3737 ||| READING scroll labelled EBERAH TEMECA.
  3738 | Sewer    | 3738 ||| READING scroll labelled SYRAHANAKK.
  3789 | D:4      | 3789 ||| PLANNING D:1-11
  4106 | D:5      | Entered Level 5 of the Dungeon
  4124 | D:5      | 4124 ||| FLEEEEING.
  4128 | D:5      | 4128 ||| FLEEEEING.
  4129 | D:5      | 4129 ||| FLEEEEING.
  4130 | D:5      | 4130 ||| FLEEEEING.
  4131 | D:5      | 4131 ||| FLEEEEING.
  4134 | D:5      | 4134 ||| FLEEEEING.
  4137 | D:5      | 4137 ||| STAIRDANCE
  4171 | D:5      | 4171 ||| INVOKING Heroism.
  4353 | D:5      | Reached skill level 7 in Ranged Weapons
  4358 | D:5      | HP: 4/53 [ogre/+0 giant spiked club (23)]
  4359 | D:5      | 4359 ||| READING 5 scrolls of teleportation.
  4361 | D:5      | Noticed a water moccasin
  4362 | D:5      | 4362 ||| READING 4 scrolls of teleportation.
  4363 | D:5      | Slain by a water moccasin

Levels and vault maps discovered:
D:1:      minmay_arrival_checkered_box, layout_basic, hex_large
D:2:      layout_basic, basic_altar
D:3:      layout_basic, mainiacjoe_overflow_brackets, uniq_jessica
D:4:      cheibrodos_helix_gallery, layout_loops_ring,
          minmay_temple_entry_waves, portal_sewer_entry_b
D:5:      layout_basic, uniq_prince_ribbit1, uniq_ijyb

Skill      XL: |  1  2  3  4  5  6 |
---------------+-------------------+-----
Ranged Weapons | 3 4 5 6 7 |  7.0
Fighting       | 2 3 4 |  4.6
Armour         | 1 |  1.0
Dodging        | |  2.1
Spellcasting   | |  1.0
Hexes          | |  2.0
Invocations    | |  0.4

Action                     |  1- 3 |  4- 6 || total
---------------------------+-------+-------++-------
   Fire: Sling             |   102 |   318 ||   420
 Invoke: Heroism           |       |     2 ||     2
    Use: Scroll            |     1 |    12 ||    13
         Potion            |     1 |     1 ||     2
 Armour: Robe              |    16 |       ||    16
         Ring mail         |       |    15 ||    15
         Leather armour    |       |    38 ||    38
  Dodge: Dodged            |    39 |    85 ||   124

Table legend:
 A = Non-vault XP
 B = Vault XP
 C = Vault XP percentage of total XP
 D = Non-vault monster count
 E = Vault monster count
 F = Vault count percentage of total count
                 A         B        C        D         E       F
            +---------+---------+-------+---------+---------+-------
      Total |     516 |     212 |  29.1 |      96 |      40 |  29.4
            +---------+---------+-------+---------+---------+-------
        D:1 |      58 |       0 |   0.0 |      33 |       0 |   0.0
        D:2 |     124 |       0 |   0.0 |      22 |       0 |   0.0
        D:3 |      56 |      37 |  39.8 |      22 |       1 |   4.3
        D:4 |     255 |      53 |  17.2 |      17 |       8 |  32.0
        D:5 |      23 |       0 |   0.0 |       2 |       0 |   0.0
      Sewer |       0 |     122 | 100.0 |       0 |      31 | 100.0
            +---------+---------+-------+---------+---------+-------
